 Dungeon Sprint DCSS version 0.31.0-12-g77e489cdc1 (webtiles) character file.

Game seed: 15843324111267237352

1300000 Kallu the Severer (level 13, -9/107 HPs)
             Began as a Djinni Warper on Feb 14, 2024.
             Was a Follower of Makhleb.
             Mangled by a meat berserker
             ... wielding a +9 battleaxe
              (33 damage)
             ... in the Dungeon (Sprint VIII: "Arena of Blood").
             The game lasted 00:00:30 (13 turns).

Kallu the Severer (Djinni Warper)                     Turns: 13, Time: 00:00:30

Health: -9/107     AC:  3    Str: 10    XL:     13   Next: 12%
Gold:   0          EV: 12    Int: 16    God:    Makhleb [*.....] SH:  0 Dex: 17

rFire   + +          .
                       - Unarmed
rCold   x . .        (no shield)
rNeg    . . .        a - +0 leather armour
rPois   ∞            (no helmet)
rElec   .            (no cloak)
rCorr   .            (no gloves)
SInv    .            (boots unavailable)
Will    +....        (no amulet)
Stlth   +            (no ring)
HPRegen 0.37/turn    (no ring)
MPRegen 0.00/turn

%: no teleportation, infuse magic (-10 HP)
@: flying
A: sickness immunity, fire resistance 2, cold vulnerability 1, float, innate
caster, HP casting, extra vitality 1
a: Renounce Religion


You were in the Dungeon.
You worshipped Makhleb.
Makhleb was aware of your devotion.
You visited 1 branch

Inventory:

Hand Weapons
 h - the +∞ Axe of Woe
   (You found it in the Dungeon)
Missiles
 c - 6 darts of dispersal (quivered)
Armour
 a - a +0 leather armour (worn)
Scrolls
 b - 2 scrolls of blinking
Potions
 d - a potion of curing
 e - a potion of heal wounds
 f - a potion of haste
 g - a potion of berserk rage


   Skills:
 + Level 15.0 Fighting
 * Level 18.1 Axes
 - Level 0.7 Throwing
 - Level 1.0 Armour
 - Level 2.1 Dodging
 - Level 2.0 Unarmed Combat
 * Level 15.9 Spellcasting
 * Level 15.9 Conjurations
 * Level 15.9 Hexes
   Level 0.0 Charms
 * Level 15.9 Summonings
 * Level 15.9 Necromancy
 * Level 15.9 Translocations
   Level 0.0 Transmutations
 * Level 15.9 Fire Magic
 * Level 15.9 Ice Magic
 * Level 15.9 Air Magic
 * Level 15.9 Earth Magic
 * Level 15.9 Alchemy


You knew the following spells:

 Your Spells              Type           Power      Damage    Failure   Level
a - Blink                 Tloc           100%       N/A       0%          2
b - Lesser Beckoning      Tloc           100%       N/A       0%          2
c - Teleport Other        Tloc           59%        N/A       1%          3
d - Manifold Assault      Tloc           59%        N/A       1%          4
e - Vhi's Electric Charg  Tloc/Air       100%       N/A       1%          4
f - Foxfire               Conj/Fire      100%       2x1d9     0%          1
g - Scorch                Fire           100%       2d9       0%          2
h - Frozen Ramparts       Ice            100%       1d16      1%          3
i - Ignite Poison         Fire/Alch      59%        N/A       1%          4
j - Anguish               Hex/Necr       29%        N/A       1%          4
k - Yara's Violent Unrav  Hex/Alch       29%        3d12      1%          5
Your spell library was empty.

Dungeon Overview and Level Annotations

Branches:
Dungeon (1/1)

Altars:
Makhleb


Innate Abilities, Weirdness & Mutations

You are immune to sickness and miasma.
You are immune to poison.
Your flesh is very heat resistant. (rF++)
You are vulnerable to cold. (rC-)
You float through the air rather than walking.
You learn spells naturally, not from books.
Your magical power is your life essence.
You have superior vitality. (+4 MHP)


Message History

A bag of meat comes into view. It is wielding a +9 war axe.
Unknown command.
Unknown command.
Unknown command.
Unknown command. 2 bags of meat come into view.
The bag of meat shouts! x3; You hear a shout! x2
Things that are here:
a +9 war axe; a +30 ring of slaying; a bag of meat corpse Unknown command.
Unknown command.
A bag of meat comes into view. It is wielding a +9 war axe.
The bag of meat appears out of thin air!
A bag of meat comes into view. It is wielding a +9 war axe.
The bag of meat shouts!
A bag of meat comes into view. It is wielding a +9 war axe.
A meat berserker comes into view. It is wielding a +9 battleaxe.
Unknown command.
The bag of meat appears out of thin air!
A bag of meat comes into view. It is wielding a +9 war axe.
The bag of meat shouts!
A meat berserker comes into view. It is wielding a +9 battleaxe.
Things that are here:
a +9 war axe; a +30 ring of slaying; a bag of meat corpse Unknown command.
The bag of meat hits you with a +9 war axe!!
You see here the +∞ Axe of Woe.
Throw: 7 darts (disperse)
Press: ? - help, Q - select action, (/) - cycle Shift-Dir - straight line, f - bag of meat
Aim: a bag of meat, wielding a +9 war axe and wearing a +30 ring of slaying (65% to hit)
You throw a dart of dispersal.
The dart of dispersal hits the bag of meat.
The bag of meat blinks!
The bag of meat hits you with a +9 war axe!!
The meat berserker rages.
h - the +∞ Axe of Woe The bag of meat hits you with a +9 war axe!!!
* * * LOW HITPOINT WARNING * * *
The meat berserker hits you with a +9 battleaxe!!
You die...

........o..
...........
........O.
#.o....o# ..
#.......#
...###..O....###.
........###......
#....oo)._......
......#@o...#..
......#oO<._#
..... #.....#
#........_......
........###......
...###... ..###.
. #... ..# #...
.# ..... ..


You could see 2 meat berserkers and 5 bags of meat.

Vanquished Creatures
  An ogre (D)
  An orc (D)
2 creatures vanquished.

Notes
Turn   | Place    | Note
-------+----------+-------------------------------------------
     0 | D        | Found the +∞ Axe of Woe
     0 | D        | Kallu the Djinni Warper began the quest for the Orb.
     0 | D        | Kallu set off with the following spells memorised: Blink,
                  | Lesser Beckoning, Teleport Other, Manifold Assault, Vhi's
                  | Electric Charge.
     0 | D        | Reached XP level 1. HP: 18/18 MP: 0/0
     2 | D        | Noticed a meat berserker
     3 | D        | Noticed a bag of meat
     4 | D        | Became a worshipper of Makhleb the Destroyer
     6 | D        | Killed a meat berserker
     6 | D        | Killed a bag of meat
     6 | D        | Reached * piety under Makhleb
     6 | D        | Noticed a bag of meat
     7 | D        | Reached skill level 15 in Fighting
     7 | D        | Reached skill level 18 in Axes
     7 | D        | Reached skill level 15 in Spellcasting
     7 | D        | Reached skill level 15 in Conjurations
     7 | D        | Reached skill level 15 in Hexes
     7 | D        | Reached skill level 15 in Summonings
     7 | D        | Reached skill level 15 in Necromancy
     7 | D        | Reached skill level 15 in Translocations
     7 | D        | Reached skill level 15 in Fire Magic
     7 | D        | Reached skill level 15 in Ice Magic
     7 | D        | Reached skill level 15 in Air Magic
     7 | D        | Reached skill level 15 in Earth Magic
     7 | D        | Reached skill level 15 in Alchemy
     7 | D        | Reached XP level 2. HP: 43/43 MP: 0/0
     7 | D        | Reached XP level 3. HP: 49/49 MP: 0/0
     7 | D        | Learned a level 1 spell: Foxfire
     7 | D        | Reached XP level 4. HP: 55/55 MP: 0/0
     7 | D        | Reached XP level 5. HP: 60/60 MP: 0/0
     7 | D        | Learned a level 2 spell: Scorch
     7 | D        | Reached XP level 6. HP: 67/67 MP: 0/0
     7 | D        | Reached XP level 7. HP: 72/72 MP: 0/0
     7 | D        | Learned a level 3 spell: Frozen Ramparts
     7 | D        | Reached XP level 8. HP: 78/78 MP: 0/0
     7 | D        | Reached XP level 9. HP: 84/84 MP: 0/0
     7 | D        | Learned a level 4 spell: Ignite Poison
     7 | D        | Reached XP level 10. HP: 90/90 MP: 0/0
     7 | D        | Reached XP level 11. HP: 95/95 MP: 0/0
     7 | D        | Learned a level 4 spell: Anguish
     7 | D        | Reached XP level 12. HP: 102/102 MP: 0/0
     7 | D        | Reached XP level 13. HP: 107/107 MP: 0/0
     7 | D        | Learned a level 5 spell: Yara's Violent Unravelling
     7 | D        | Noticed a bag of meat
     8 | D        | Noticed a bag of meat
     8 | D        | Noticed a bag of meat
     9 | D        | Noticed a bag of meat
     9 | D        | Noticed a bag of meat
     9 | D        | Noticed a meat berserker
    10 | D        | Noticed a bag of meat
    10 | D        | Noticed a bag of meat
    10 | D        | Noticed a meat berserker
    13 | D        | Mangled by a meat berserker

Illustrated notes

Levels and vault maps discovered:
D:        meatsprint

Skill      XL: |  1 |
---------------+----+-----
Fighting       | 15 | 15.0
Axes           | 18 | 18.1
Spellcasting   | 15 | 15.9
Conjurations   | 15 | 15.9
Hexes          | 15 | 15.9
Summonings     | 15 | 15.9
Necromancy     | 15 | 15.9
Translocations | 15 | 15.9
Fire Magic     | 15 | 15.9
Ice Magic      | 15 | 15.9
Air Magic      | 15 | 15.9
Earth Magic    | 15 | 15.9
Alchemy        | 15 | 15.9
Throwing       | |  0.7
Armour         | |  1.0
Dodging        | |  2.1
Unarmed Combat | |  2.0

Action                     |  1- 3 |  4- 6 |  7- 9 | 10-12 | 13-15 || total
---------------------------+-------+-------+-------+-------+-------++-------
  Melee: Executioner's axe |     1 |       |       |       |       ||     1
  Throw: Dart              |       |       |       |       |     1 ||     1
 Armour: Leather armour    |       |       |       |       |     4 ||     4
